[Event "Titled Tuesday Blitz February 22 Early 2022"]
[White "Obolentseva, Alexandra"]
[Black "Namitbir Singh Walia"]
[WhiteFideId "24153648"]
[BlackFideId "35071068"]
[WhiteElo "2113"]
[BlackElo "1479"]
[Result "1-0"]
[Round "08"]
[TimeControl "180+1"]
[Date "2022.02.22"]
[WhiteClock "0:01:18"]
[BlackClock "0:00:25"]

1. d4 d5 2. c4 c6 3. Nf3 Nf6 4. Nc3 e6 5. Bg5 dxc4 6. e4 b5 7. e5 h6 8. Bh4 g5 9. Nxg5 hxg5 10. Bxg5 Nbd7 11. exf6 Bb7 12. g3 Qb6 13. Bg2 O-O-O 14. O-O Bh6 15. Bxh6 Rxh6 16. b3 Rdh8 17. h4 Rg6 18. bxc4 c5 19. dxc5 Nxc5 20. Bxb7+ Nxb7 21. Qf3 Rxh4 22. Nxb5 Rxc4 23. Rab1 a6 24. Qxb7+ Qxb7 25. Nd6+ Kd7 26. Nxb7 Rxf6 27. Rfd1+ Kc7 28. Nd6 Rc2 29. Ne8+ 1-0


[Site "https://www.chess.com"]

[Event "Titled Tuesday Blitz February 22 Early 2022"]
[White "Oparin, Grigoriy"]
[Black "Assaubayeva, Bibisara"]
[WhiteFideId "24125890"]
[BlackFideId "13708694"]
[WhiteElo "2685"]
[BlackElo "2404"]
[Result "1-0"]
[Round "08"]
[TimeControl "180+1"]
[Date "2022.02.22"]
[WhiteClock "0:01:30"]
[BlackClock "0:00:19"]

1. d4 Nf6 2. c4 g6 3. Nf3 Bg7 4. g3 O-O 5. Bg2 d5 6. O-O Nc6 7. cxd5 Nxd5 8. Nc3 Nb6 9. e3 Re8 10. h3 e5 11. d5 Na5 12. Qc2 c6 13. b4 Nac4 14. dxc6 bxc6 15. Rd1 Qe7 16. a3 Bf5 17. Ne4 Red8 18. Rxd8+ Rxd8 19. Nfd2 Nxd2 20. Bxd2 h5 21. Be1 Qe6 22. Rd1 Nd5 23. Qc5 Bxe4 24. Bxe4 Rd7 25. b5 Nf6 26. Rxd7 Qxd7 27. bxc6 Qd1 28. c7 Qxe1+ 29. Kg2 Nxe4 30. c8=Q+ Kh7 31. Qc2 Nd2 32. Qa6 e4 33. h4 Nf3 34. Qf1 f5 35. Qc7 Qd2 36. Qa1 Ne1+ 37. Kh1 1-0


[Site "https://www.chess.com"]

[Event "Titled Tuesday Blitz February 22 Early 2022"]
[White "Oro, Luis"]
[Black "Sahin, Handenur"]
[WhiteFideId "104094"]
[BlackFideId "6334865"]
[WhiteElo "2283"]
[BlackElo "2116"]
[Result "0-1"]
[Round "08"]
[TimeControl "180+1"]
[Date "2022.02.22"]
[WhiteClock "0:00:20"]
[BlackClock "0:00:33"]

1. e4 e5 2. Nf3 Nc6 3. Bc4 Nf6 4. d3 Bc5 5. c3 d6 6. a4 a6 7. O-O Ba7 8. Nbd2 Ne7 9. Re1 Ng6 10. Nf1 O-O 11. Ng3 Be6 12. Qb3 Bxc4 13. Qxc4 b5 14. Qb3 Qd7 15. Bg5 Ng4 16. Re2 h6 17. Bd2 c6 18. h3 Nf6 19. Nf5 Rfb8 20. Qc2 d5 21. Ng3 bxa4 22. Rxa4 Bb6 23. c4 dxe4 24. Nxe4 Nxe4 25. Rxe4 Qf5 26. Bc3 Re8 27. b4 Bc7 28. Qe2 Nf4 29. Qe3 Rad8 30. d4 Qg6 31. Ne1 f5 32. Rxe5 Bxe5 33. d5 Bxc3 0-1


[Site "https://www.chess.com"]

[Event "Titled Tuesday Blitz February 22 Early 2022"]
[White "Orozbaev, Eldiar"]
[Black "Andreikin, Dmitry"]
[WhiteFideId "13802240"]
[BlackFideId "4158814"]
[WhiteElo "2050"]
[BlackElo "2736"]
[Result "0-1"]
[Round "08"]
[TimeControl "180+1"]
[Date "2022.02.22"]
[WhiteClock "0:00:02"]
[BlackClock "0:00:36"]

1. e4 e5 2. Nf3 Nc6 3. d4 exd4 4. c3 Nf6 5. e5 Nd5 6. cxd4 Bb4+ 7. Bd2 O-O 8. Bd3 d6 9. O-O Bg4 10. Bg5 Bxf3 11. Qxf3 Qxg5 12. Qxd5 dxe5 13. f4 Qd8 14. Qf3 Qxd4+ 15. Kh1 Qxb2 16. f5 e4 17. Qxe4 Qxa1 18. f6 g6 19. Qf4 Rfd8 20. Bc4 Ne5 21. Bb3 Qd4 22. Qg3 Qd3 23. Qf2 Bc5 24. Qf4 Rd4 25. Qf2 Rh4 0-1


[Site "https://www.chess.com"]

[Event "Titled Tuesday Blitz February 22 Early 2022"]
[White "Osmonbekov, Talaibek"]
[Black "Samant Aditya S"]
[WhiteFideId "2017253"]
[BlackFideId "35080580"]
[WhiteElo "2135"]
[BlackElo "1916"]
[Result "0-1"]
[Round "08"]
[TimeControl "180+1"]
[Date "2022.02.22"]
[WhiteClock "0:00:01"]
[BlackClock "0:00:15"]

1. d4 Nf6 2. Nc3 d5 3. Bf4 c5 4. e3 cxd4 5. exd4 Bg4 6. f3 Bd7 7. Bd3 Nc6 8. Nb5 Rc8 9. c3 a6 10. Na3 e6 11. Nc2 Qb6 12. Rb1 Be7 13. Ne2 O-O 14. O-O e5 15. Be3 Qc7 16. dxe5 Nxe5 17. Ncd4 Bd6 18. g3 Nc4 19. Bf2 Rfe8 20. Re1 h5 21. Nf5 Bxf5 22. Bxf5 Rcd8 23. Nd4 h4 24. Kg2 g6 25. Bd3 Kg7 26. Qc1 Rxe1 27. Bxe1 Re8 28. Bf2 Re5 29. b3 Na3 30. Rb2 Nh5 31. g4 Nf6 32. Bxh4 Nd7 33. Bg3 Re8 34. Bxd6 Qxd6 35. Qg5 Qf6 36. Nf5+ Kg8 37. Nh6+ Kh7 38. Qxf6 Nxf6 39. g5 Kg7 40. gxf6+ Kxh6 41. Re2 Rxe2+ 42. Bxe2 Kg5 43. Kg3 Kxf6 44. Kf4 Nb1 45. c4 Nc3 46. Bd3 dxc4 47. bxc4 Nxa2 48. Be4 b6 49. Bb7 a5 50. Ke4 Nb4 51. Kd4 Ke6 52. c5 bxc5+ 53. Kxc5 Nd3+ 54. Kb5 a4 55. Be4 Nf2 56. Bb1 a3 57. Kb4 Ke5 58. Kxa3 Kf4 59. Ba2 f6 60. Bf7 g5 61. Bh5 Nd3 62. Kb3 Ne5 63. Kc3 Nxf3 0-1


[Site "https://www.chess.com"]

[Event "Titled Tuesday Blitz February 22 Early 2022"]
[White "Ozates, Tuna"]
[Black "Moksh Amit Doshi"]
[WhiteFideId "6354521"]
[BlackFideId "25064967"]
[WhiteElo "1872"]
[BlackElo "2245"]
[Result "0-1"]
[Round "08"]
[TimeControl "180+1"]
[Date "2022.02.22"]
[WhiteClock "0:02:32"]
[BlackClock "0:02:16"]

1. d4 Nf6 2. c4 g6 3. Nc3 d5 4. cxd5 Nxd5 5. e4 Nxc3 6. bxc3 Bg7 7. h4 c5 8. Nf3 cxd4 9. cxd4 Nc6 10. Be3 Bg4 11. d5 Ne5 12. Bb5+ Kf8 13. Rc1 Bxf3 14. gxf3 Qa5+ 15. Qd2 Nxf3+ 0-1


[Site "https://www.chess.com"]

[Event "Titled Tuesday Blitz February 22 Early 2022"]
[White "Papasimakopoulos, Alexandros"]
[Black "Poormosavi, Seyed Kian"]
[WhiteFideId "4244125"]
[BlackFideId "12585807"]
[WhiteElo "2770"]
[BlackElo "2567"]
[Result "1-0"]
[Round "08"]
[TimeControl "180+1"]
[Date "2022.02.22"]
[WhiteClock "0:00:16"]
[BlackClock "0:00:34"]

1. d4 Nf6 2. c4 b6 3. f3 Bb7 4. e4 g6 5. Nc3 Bg7 6. Be3 O-O 7. Qd2 d5 8. cxd5 c6 9. dxc6 Nxc6 10. Bb5 e5 11. Bxc6 Bxc6 12. d5 Bb7 13. Nge2 Ne8 14. O-O f5 15. b3 Nd6 16. Rac1 Rc8 17. Bg5 Bf6 18. Bh6 Rf7 19. Be3 Rfc7 20. h3 Ba6 21. Rfe1 Bxe2 22. Nxe2 fxe4 23. fxe4 Nxe4 24. Qd3 Nd6 25. Nc3 Qd7 26. Ne4 Bg7 27. Ng5 Nf5 28. Rxc7 Qxc7 29. Bf2 Qc2 30. Qa6 Rf8 31. Ne6 Rf7 32. Nxg7 Nxg7 33. Qe2 Qf5 34. Bg3 Rc7 35. d6 Rc2 36. Qxe5 Qxe5 37. Bxe5 Nf5 38. Rd1 Nxd6 39. Rxd6 Rxa2 40. Rd7 a5 41. Rg7+ Kf8 42. Rb7 a4 43. bxa4 Rxa4 44. Rxb6 Kf7 45. Rb7+ Ke6 46. Bg3 h5 47. h4 Rg4 48. Kh2 Kf5 49. Rb5+ Ke6 50. Bf2 Ra4 51. g3 Ra2 52. Kg2 Rc2 53. Kf3 Rc4 54. Be3 Ra4 55. Rb6+ Kf5 56. Rb5+ Ke6 57. Bf4 Ra3+ 58. Ke2 Ra2+ 59. Bd2 Ra3 60. Be3 Ra2+ 61. Kd3 Ra4 62. Rg5 Kf7 63. Bd4 Ra3+ 64. Bc3 Ra4 65. Rb5 Ke6 66. Rb6+ Kf5 67. Rf6+ Kg4 68. Rxg6+ Kh3 69. Be5 Rb4 70. Rg5 Rb5 71. Rxh5 1-0


[Site "https://www.chess.com"]

[Event "Titled Tuesday Blitz February 22 Early 2022"]
[White "Pasti, Aron"]
[Black "Kornyukov, Alexey"]
[WhiteFideId "785857"]
[BlackFideId "4150457"]
[WhiteElo "2080"]
[BlackElo "2303"]
[Result "0-1"]
[Round "08"]
[TimeControl "180+1"]
[Date "2022.02.22"]
[WhiteClock "0:00:03"]
[BlackClock "0:01:26"]

1. e4 c5 2. Nf3 Nc6 3. d4 cxd4 4. Nxd4 e5 5. Nb5 a6 6. N5c3 Bb4 7. Be3 Nf6 8. a3 Ba5 9. f3 O-O 10. Be2 Bb6 11. Qd2 Bxe3 12. Qxe3 Nd4 13. Bd3 d5 14. O-O dxe4 15. Nxe4 Nd5 16. Qd2 Nf4 17. Nbc3 Bf5 18. Rae1 Qb6 19. Kh1 Qxb2 20. Nc5 Bxd3 21. Nxd3 Nxd3 22. Qxd3 Rac8 23. Nd5 Qxc2 24. Qe3 Nc6 25. Rb1 b5 26. Rfc1 Qg6 27. Rb2 Qd6 28. Nc3 Nd4 29. Ne4 Rxc1+ 30. Qxc1 Qxa3 31. Qb1 Qe7 32. Ra2 Qe6 33. Nc5 Qc4 34. Nxa6 Rc8 35. Ra1 Nb3 36. Nc7 Nxa1 37. Qxa1 Qxc7 0-1


[Site "https://www.chess.com"]

[Event "Titled Tuesday Blitz February 22 Early 2022"]
[White "Petesch, Gabriel"]
[Black "Erdogdu, Mert"]
[WhiteFideId "2032465"]
[BlackFideId "6301495"]
[WhiteElo "2574"]
[BlackElo "2744"]
[Result "0-1"]
[Round "08"]
[TimeControl "180+1"]
[Date "2022.02.22"]
[WhiteClock "0:00:04"]
[BlackClock "0:00:23"]

1. Nc3 d5 2. b3 Nf6 3. e3 c5 4. Bb2 Nc6 5. Nf3 e5 6. Bb5 d4 7. exd4 exd4 8. Ne2 Bd7 9. c3 Bd6 10. cxd4 O-O 11. O-O a6 12. dxc5 Bxc5 13. d4 Bd6 14. Bd3 Nb4 15. Ng3 Nxd3 16. Qxd3 Bb5 17. Qf5 Bxf1 18. Rxf1 Re8 19. Rd1 Qd7 20. Qg5 h6 21. Qh4 Qg4 22. Qxg4 Nxg4 23. d5 Ne5 24. Nd4 g6 25. Ne4 Be7 26. d6 Bd8 27. Nf3 Nd7 28. Nc3 Bf6 29. Kf1 Rac8 30. Nd4 b5 31. Nd5 Bd8 32. Nf3 Rc2 33. Rd2 Rxd2 34. Nxd2 Re6 35. Ba3 a5 36. b4 Rxd6 0-1


[Site "https://www.chess.com"]

[Event "Titled Tuesday Blitz February 22 Early 2022"]
[White "Petrovic, Aleksa"]
[Black "Vifleemskaia, Svetlana"]
[WhiteFideId "967629"]
[BlackFideId "4129490"]
[WhiteElo "2139"]
[BlackElo "1901"]
[Result "1-0"]
[Round "08"]
[TimeControl "180+1"]
[Date "2022.02.22"]
[WhiteClock "0:00:03"]
[BlackClock "0:00:02"]

1. e4 e5 2. Nf3 Nc6 3. Bc4 Nf6 4. Qe2 h6 5. d4 d6 6. c3 Bg4 7. d5 Nb8 8. h3 Bc8 9. Nbd2 Be7 10. Nf1 Nbd7 11. g4 Nc5 12. Ng3 g6 13. b4 Na4 14. Bb3 Nb6 15. Be3 a5 16. bxa5 Rxa5 17. Nd2 Na4 18. Qc4 Nc5 19. Bxc5 Rxc5 20. Qd3 Ra5 21. Nc4 Ra8 22. Ne3 Bd7 23. a4 b6 24. O-O Nh7 25. Bc4 Bg5 26. Bb5 O-O 27. Bxd7 Qxd7 28. Nc2 Rxa4 29. Nb4 Rfa8 30. Rxa4 Qxa4 31. Qc4 Qd7 32. Nc6 Nf6 33. Ne2 h5 34. f4 exf4 35. Nxf4 hxg4 36. Ne6 fxe6 37. dxe6 Qg7 38. e5 Ne8 39. e7+ Kh7 40. Rf7 1-0


[Site "https://www.chess.com"]

[Event "Titled Tuesday Blitz February 22 Early 2022"]
[White "Piesik, Piotr"]
[Black "Ivanisevic, Ivan"]
[WhiteFideId "1136194"]
[BlackFideId "912417"]
[WhiteElo "2232"]
[BlackElo "2495"]
[Result "0-1"]
[Round "08"]
[TimeControl "180+1"]
[Date "2022.02.22"]
[WhiteClock "0:00:28"]
[BlackClock "0:00:31"]

1. Nf3 Nf6 2. g3 g6 3. Bg2 Bg7 4. O-O O-O 5. d4 d6 6. Nbd2 b5 7. Ne1 c6 8. e4 a5 9. Nd3 Nfd7 10. c3 e5 11. dxe5 dxe5 12. Nb3 Na6 13. Be3 Nf6 14. f3 Qc7 15. Qc2 Rd8 16. Rfd1 h5 17. Nbc5 Nxc5 18. Nxc5 Bf8 19. Rxd8 Qxd8 20. Rd1 Qc7 21. Bf1 h4 22. g4 Nh7 23. Qf2 Be7 24. a4 bxa4 25. Nxa4 Rb8 26. Bc4 Ng5 27. Kg2 h3+ 28. Kf1 Kg7 29. Nc5 a4 30. Nxa4 Be6 31. Bxe6 Nxe6 32. b4 Qc8 33. Nc5 Ra8 34. Nd3 Ra3 35. Nxe5 Bf6 36. Nd7 Bxc3 37. Qh4 Qa6+ 38. Kg1 Qe2 39. Qh6+ Kg8 40. Rd2 Ra1+ 0-1


[Site "https://www.chess.com"]

[Event "Titled Tuesday Blitz February 22 Early 2022"]
[White "Pinheiro, Iung Alicio de O."]
[Black "Papp, Petra"]
[WhiteFideId "2104350"]
[BlackFideId "739049"]
[WhiteElo "2592"]
[BlackElo "2259"]
[Result "1-0"]
[Round "08"]
[TimeControl "180+1"]
[Date "2022.02.22"]
[WhiteClock "0:00:18"]
[BlackClock "0:00:01"]

1. e4 c6 2. Nf3 d5 3. Nc3 dxe4 4. Nxe4 Nf6 5. Qe2 Nxe4 6. Qxe4 Qa5 7. Bc4 Bf5 8. Qe2 e6 9. O-O Be7 10. d3 Nd7 11. a4 O-O 12. Bd2 Qc7 13. a5 h6 14. h3 Bf6 15. Bc3 Bxc3 16. bxc3 Nf6 17. Rfb1 Nd5 18. Qd2 b6 19. Ba6 c5 20. Bc4 Rfd8 21. Bxd5 exd5 22. Qc1 d4 23. cxd4 bxa5 24. Qb2 cxd4 25. Nxd4 Bg6 26. Nf3 Re8 27. Re1 Qc5 28. Qa2 Kh7 29. Rxe8 Rxe8 30. Qxa5 Qxc2 31. d4 Re2 32. Rf1 Be4 33. Ne5 Qd2 34. Qxd2 Rxd2 35. Ra1 f6 36. Ng4 h5 37. Ne3 f5 38. f3 f4 39. Nf1 Rxd4 40. fxe4 Rd7 41. Nh2 g5 42. Nf3 g4 43. hxg4 hxg4 44. Ne5 Re7 45. Nxg4 Kg6 46. Nf2 Kg5 47. Ra5+ Kg6 48. Rf5 Rb7 49. Rxf4 a5 50. Rf5 Ra7 51. Rf3 a4 52. Ra3 Kf6 53. Kf1 Ke5 54. Ke2 Kd4 55. Kd2 Rf7 56. Nd3 Ra7 57. Nb2 Rb7 58. Rxa4+ Ke5 59. Nd3+ Kf6 60. Ke3 Kg5 61. Ra5+ Kg4 62. Ra8 Kg3 63. Rg8+ Kh2 64. e5 Re7 65. Ke4 Kg1 66. g4 Kf1 67. Nf4 Kf2 68. e6 Kg3 69. Rf8 Kxg4 70. Rf7 Re8 71. Ke5 Kg5 72. Nd5 Kg6 73. Rf1 Kg7 74. e7 Kg8 75. Ke6 Kg7 76. Rg1+ Kh7 77. Kf7 Rc8 78. Rh1# 1-0


[Site "https://www.chess.com"]

[Event "Titled Tuesday Blitz February 22 Early 2022"]
[White "Pires, Marcos Vinicius Torsani"]
[Black "Gunina, Valentina"]
[WhiteFideId "2118939"]
[BlackFideId "4167570"]
[WhiteElo "2273"]
[BlackElo "2465"]
[Result "0-1"]
[Round "08"]
[TimeControl "180+1"]
[Date "2022.02.22"]
[WhiteClock "0:00:05"]
[BlackClock "0:01:23"]

1. e4 c6 2. c4 d5 3. exd5 cxd5 4. cxd5 Nf6 5. Nc3 Nxd5 6. Bc4 Nb6 7. Bb3 Nc6 8. Nf3 Nd4 9. Nxd4 Qxd4 10. O-O Bg4 11. Qe1 e6 12. d3 Qxd3 13. h3 Bh5 14. a4 Be7 15. a5 Nd7 16. Be3 O-O 17. Bd1 Bg6 18. Be2 Qc2 19. Qd1 Qxd1 20. Rfxd1 Ne5 21. f4 Nc6 22. a6 bxa6 23. Bf3 Rac8 24. Rxa6 Nb4 25. Rxa7 Bc5 26. Bxc5 Rxc5 27. Rdd7 Nd3 28. Ne4 Rc1+ 29. Kh2 Nxf4 30. b4 Rb1 31. Rab7 Rb2 32. b5 Nxg2 33. Kg3 Ne3 34. Nd6 Nf1+ 35. Kf4 Rb4+ 36. Ke5 Nd2 37. Bg2 Bh5 38. Ne4 Nc4+ 39. Kf4 Bg6 40. Kg3 Ne5 41. Nf2 Nxd7 42. Rxd7 Rxb5 0-1


[Site "https://www.chess.com"]

[Event "Titled Tuesday Blitz February 22 Early 2022"]
[White "Ponkratov, Pavel"]
[Black "Kim, Sergey"]
[WhiteFideId "4157800"]
[BlackFideId "13700570"]
[WhiteElo "2487"]
[BlackElo "2647"]
[Result "1-0"]
[Round "08"]
[TimeControl "180+1"]
[Date "2022.02.22"]
[WhiteClock "0:01:07"]
[BlackClock "0:00:31"]

1. c4 Nf6 2. Nc3 g6 3. e4 d6 4. d4 Bg7 5. f4 O-O 6. Nf3 c5 7. d5 b5 8. cxb5 a6 9. a4 Qa5 10. Bd2 Qb4 11. Qc2 c4 12. Nd4 axb5 13. Ncxb5 Qc5 14. Bxc4 Nxe4 15. Qxe4 Qxc4 16. b3 Qc5 17. Rc1 Qb6 18. Be3 Qa5+ 19. Kf2 Nd7 20. Nc6 Nf6 21. Qxe7 Qa6 22. Rhe1 Nxd5 23. Qxd6 Nxe3 24. Rxe3 Be6 25. Nc7 Qb7 26. Nxe6 fxe6 27. Qxe6+ Kh8 28. g3 Qb6 29. Kf3 Rac8 30. Rc4 Qb7 31. Kg4 Rf6 32. Qe7 Rc7 33. Qd8+ Rf8 34. Re8 Rf7 35. Ne5 Bxe5 36. Rxf8+ 1-0


[Site "https://www.chess.com"]

[Event "Titled Tuesday Blitz February 22 Early 2022"]
[White "Priasmoro, Novendra"]
[Black "Deac, Bogdan-Daniel"]
[WhiteFideId "7105029"]
[BlackFideId "1226380"]
[WhiteElo "2309"]
[BlackElo "2646"]
[Result "1-0"]
[Round "08"]
[TimeControl "180+1"]
[Date "2022.02.22"]
[WhiteClock "0:01:10"]
[BlackClock "0:00:35"]

1. e4 e5 2. Nf3 Nf6 3. Nxe5 d6 4. Nf3 Nxe4 5. Nc3 Nf6 6. d4 g6 7. Bf4 Bg7 8. Qd2 O-O 9. O-O-O a6 10. h4 Bg4 11. Bh6 b5 12. a3 Nc6 13. Bxg7 Kxg7 14. Be2 Re8 15. d5 Ne7 16. Nd4 Bxe2 17. Ndxe2 h5 18. Nd4 Qd7 19. Qg5 Nh7 20. Qf4 Nf6 21. Qg5 Nh7 22. Qg3 Qg4 23. Qd3 1-0


[Site "https://www.chess.com"]

[Event "Titled Tuesday Blitz February 22 Early 2022"]
[White "Prohorov, Olexandr"]
[Black "Rodchenkov, Sergey D."]
[WhiteFideId "14105578"]
[BlackFideId "4168712"]
[WhiteElo "1993"]
[BlackElo "2306"]
[Result "0-1"]
[Round "08"]
[TimeControl "180+1"]
[Date "2022.02.22"]
[WhiteClock "0:00:06"]
[BlackClock "0:00:09"]

1. e4 c5 2. c3 Nf6 3. e5 Nd5 4. Nf3 Nc6 5. Bc4 Nb6 6. Bb3 d5 7. exd6 Qxd6 8. a4 c4 9. Bc2 Bg4 10. a5 Nd7 11. Qe2 Nde5 12. h3 Bxf3 13. gxf3 Nd3+ 14. Bxd3 cxd3 15. Qe4 Qe5 16. a6 O-O-O 17. axb7+ Kxb7 18. Na3 f5 19. Qe3 f4 20. Qe4 Qxe4+ 21. fxe4 Ne5 22. Nb5 a6 23. Nd4 e6 24. Nxe6 Re8 25. Nxf4 g5 26. Nd5 Nf3+ 27. Kf1 Rxe4 28. Kg2 Nh4+ 29. Kg3 Bd6+ 30. f4 Rf8 31. Rf1 h6 32. Kg4 Bxf4 33. Kh5 Nf5 34. Nxf4 Ng3+ 35. Kxh6 gxf4 36. Rf3 Re5 37. Kg7 Rd8 38. Ra4 Re1 39. Raxf4 Nh5+ 40. Kf7 Nxf4 41. Rxf4 Rxc1 42. h4 Rc2 43. Ke7 Rc8 44. Rf2 a5 45. h5 Rc1 46. Rf3 Re1+ 47. Kd6 Rh1 48. Kd7 Rxh5 49. b4 axb4 50. cxb4 Rd5+ 51. Ke6 Rd4 52. Ke5 Rxb4 53. Rf7+ Kb6 54. Rd7 Kb5 55. Rxd3 Rc5+ 56. Ke6 Ra4 57. Rb3+ Rb4 58. Rd3 Kc4 59. Rc3+ Kd4 60. Rh3 Rb6+ 61. Kd7 Ra5 62. Rh4+ Kc5 63. Rh5+ Kb4 64. Rh4+ Kb5 65. Rh5+ Ka6 66. Rh2 Rd5+ 67. Kc7 Rbd6 68. d4 Rxd4 69. Ra2+ Kb5 70. Rb2+ Kc4 71. Rc2+ Kd3 72. Rc1 Rd7+ 73. Kc8 Ke4 74. Re1+ Kf4 75. Rf1+ Ke3 76. Rd1 Rxd1 0-1


[Site "https://www.chess.com"]

[Event "Titled Tuesday Blitz February 22 Early 2022"]
[White "Przybylski, Wojciech"]
[Black "Ashiev, Eduard"]
[WhiteFideId "1117599"]
[BlackFideId "4130090"]
[WhiteElo "2133"]
[BlackElo "2004"]
[Result "1-0"]
[Round "08"]
[TimeControl "180+1"]
[Date "2022.02.22"]
[WhiteClock "0:00:41"]
[BlackClock "0:00:09"]

1. e4 e5 2. Nf3 Nc6 3. Bb5 Nge7 4. O-O g6 5. d4 exd4 6. Nxd4 Bg7 7. Be3 O-O 8. c3 Nxd4 9. Bxd4 c6 10. Be2 Bxd4 11. cxd4 d5 12. e5 f6 13. f4 fxe5 14. fxe5 Rxf1+ 15. Bxf1 Qb6 16. Nc3 Nf5 17. Ne2 Qxb2 18. Qc1 Qxc1 19. Rxc1 g5 20. Kf2 Kg7 21. Rb1 b6 22. Rc1 Bb7 23. Rc3 Rf8 24. Ke1 h6 25. g3 Rc8 26. Bh3 Rf8 27. Ra3 a5 28. Rb3 b5 29. a3 Kg6 30. Rf3 Rf7 31. e6 Rf6 32. Bxf5+ 1-0


[Site "https://www.chess.com"]

[Event "Titled Tuesday Blitz February 22 Early 2022"]
[White "Qashashvili, Alexandre"]
[Black "Glavina, Pablo"]
[WhiteFideId "13600842"]
[BlackFideId "100234"]
[WhiteElo "2316"]
[BlackElo "2369"]
[Result "1-0"]
[Round "08"]
[TimeControl "180+1"]
[Date "2022.02.22"]
[WhiteClock "0:02:31"]
[BlackClock "0:01:57"]

1. e4 e5 2. Nc3 Nf6 3. Nf3 Nc6 4. d4 exd4 5. Nxd4 Bb4 6. Nxc6 bxc6 7. Bd3 d5 8. exd5 O-O 9. O-O cxd5 10. Bg5 c6 11. Qf3 Bd6 12. Bxf6 Qxf6 13. Qxf6 gxf6 14. Ne2 Rb8 15. b3 Re8 16. Ng3 Be5 17. Rae1 Bc3 18. Rxe8+ 1-0


[Site "https://www.chess.com"]

[Event "Titled Tuesday Blitz February 22 Early 2022"]
[White "Quirke, Jeffrey"]
[Black "Manelyuk, Daniil"]
[WhiteFideId "2013029"]
[BlackFideId "44173920"]
[WhiteElo "2225"]
[BlackElo "2222"]
[Result "0-1"]
[Round "08"]
[TimeControl "180+1"]
[Date "2022.02.22"]
[WhiteClock "0:00:07"]
[BlackClock "0:00:35"]

1. c4 Nf6 2. g3 g6 3. Bg2 Bg7 4. Nf3 O-O 5. O-O c5 6. Nc3 Nc6 7. d3 d6 8. a3 a5 9. Bg5 h6 10. Bxf6 Bxf6 11. Qc2 Bg7 12. e3 e5 13. Nd2 f5 14. f4 exf4 15. gxf4 Re8 16. Rae1 Be6 17. Nd5 Bxd5 18. Bxd5+ Kh7 19. Nb1 Ne7 20. Bg2 Rb8 21. Nc3 Ng8 22. a4 Nf6 23. Nd5 Nxd5 24. Bxd5 Qf6 25. b3 Re7 26. Rf3 Rbe8 27. Kh1 Qc3 28. Qxc3 Bxc3 29. Re2 Bd4 30. e4 fxe4 31. dxe4 b6 32. Rg2 Rf8 33. h3 Rf6 34. Rfg3 Rxf4 35. Rxg6 Rf1+ 36. Rg1 Bxg1 37. Rxg1 Rf3 38. Kh2 Rxb3 39. Bg8+ Kh8 40. Bd5 Rg7 0-1


[Site "https://www.chess.com"]

[Event "Titled Tuesday Blitz February 22 Early 2022"]
[White "Redzisz, Michal"]
[Black "Rudykh, Stepan"]
[WhiteFideId "21816107"]
[BlackFideId "4180321"]
[WhiteElo "1961"]
[BlackElo "2121"]
[Result "1-0"]
[Round "08"]
[TimeControl "180+1"]
[Date "2022.02.22"]
[WhiteClock "0:00:09"]
[BlackClock "0:00:23"]

1. f4 d5 2. Nf3 c5 3. e3 Nc6 4. Bb5 g6 5. O-O Bg7 6. d3 Nf6 7. Ne5 Qc7 8. Nd2 O-O 9. Bxc6 bxc6 10. Ndf3 Nd7 11. Nxd7 Bxd7 12. Rb1 Bg4 13. h3 Bxf3 14. Qxf3 e5 15. f5 e4 16. dxe4 dxe4 17. Qxe4 Qe5 18. Qxc6 Rad8 19. e4 Rd4 20. f6 Bh8 21. Be3 Rxe4 22. Bxc5 Re8 23. Be7 Rxe7 24. fxe7 Qxe7 25. Qc8+ Kg7 26. Rbd1 Re2 27. Qc3+ Kg8 28. Qg3 Bxb2 29. Qb8+ Kg7 30. Qxb2+ Kh6 31. Qc1+ Kg7 32. Qf4 Rxc2 33. Qd4+ Kh6 34. Rde1 Qb7 35. Rf2 Rxf2 36. Qxf2 f5 37. Qe3+ Kh5 38. Qf3+ Qxf3 39. gxf3 Kh4 40. Kg2 1-0


[Site "https://www.chess.com"]

[Event "Titled Tuesday Blitz February 22 Early 2022"]
[White "Reprintsev, Alexander"]
[Black "Rodchenkov, Vitaly"]
[WhiteFideId "14100541"]
[BlackFideId "4152964"]
[WhiteElo "2126"]
[BlackElo "2337"]
[Result "1-0"]
[Round "08"]
[TimeControl "180+1"]
[Date "2022.02.22"]
[WhiteClock "0:01:08"]
[BlackClock "0:00:47"]

1. e4 c5 2. b3 Nc6 3. Bb2 d5 4. exd5 Qxd5 5. Nc3 Qd8 6. Bb5 Nf6 7. Bxc6+ bxc6 8. Qf3 e6 9. Qxc6+ Bd7 10. Qa6 Be7 11. Nf3 O-O 12. O-O-O Qc7 13. Rhe1 Rab8 14. Ne5 Be8 15. f4 Rb6 16. Qd3 a5 17. a4 Rb4 18. Nc4 Bc6 19. g3 Rd8 20. Qe3 Rxc4 21. bxc4 Qb7 22. Nb5 Bf3 23. d3 Bxd1 24. Rxd1 h6 25. Bc3 Qg2 26. Rd2 Qh1+ 27. Kb2 Qc6 28. h3 Nd7 29. g4 Bf6 30. Bxf6 Nxf6 31. g5 hxg5 32. fxg5 Nh7 33. h4 Nf8 34. h5 Qh1 35. h6 g6 36. Qe5 1-0


[Site "https://www.chess.com"]

[Event "Titled Tuesday Blitz February 22 Early 2022"]
[White "Rich, Albert J"]
[Black "Nithyalakshmi, Sivanesan"]
[WhiteFideId "2028735"]
[BlackFideId "5706955"]
[WhiteElo "2393"]
[BlackElo "1815"]
[Result "0-1"]
[Round "08"]
[TimeControl "180+1"]
[Date "2022.02.22"]
[WhiteClock "0:00:11"]
[BlackClock "0:00:12"]

1. d4 e6 2. Nc3 b6 3. e4 Bb7 4. Bd3 Bb4 5. Qg4 Nf6 6. Qxg7 Rg8 7. Qh6 Nxe4 8. Ne2 Qf6 9. Bxe4 Qxh6 10. Bxb7 Qg6 11. Bxa8 c6 12. Be3 Qxc2 13. O-O Na6 14. Bf4 Qf5 15. Bb7 Bxc3 16. bxc3 Qe4 17. Ng3 Qxf4 18. Bxa6 f5 19. Rfe1 Qg5 20. Bf1 Kf7 21. c4 Qd2 22. Rad1 Qxa2 23. d5 cxd5 24. cxd5 Qb2 25. dxe6+ dxe6 26. Rd7+ Kf6 27. Rd6 Re8 28. Nh5+ Kg5 29. Ng3 a5 30. Rd7 h6 31. h3 a4 32. Ne2 a3 33. Nd4 a2 34. Nf3+ Kf6 35. Ra7 Rc8 36. g4 Rc2 37. gxf5 exf5 38. Ra6 Rxf2 39. Rxb6+ Qxb6 40. Kh1 Rxf3 41. Bg2 Ra3 42. Ra1 Qb1+ 43. Rxb1 axb1=Q+ 44. Kh2 Ra2 45. h4 Qc2 46. Kg3 Qxg2+ 47. Kf4 Rf2+ 48. Ke3 Qg4 49. Kxf2 Qxh4+ 50. Ke3 Qg4 51. Kd3 h5 52. Ke3 h4 53. Kd3 h3 54. Ke3 h2 55. Kd3 h1=Q 56. Ke3 Qhf3+ 57. Kd2 Qgg2+ 58. Kc1 Qff1# 0-1


[Site "https://www.chess.com"]

[Event "Titled Tuesday Blitz February 22 Early 2022"]
[White "Rustemov, Alexander"]
[Black "Manukyan, Artyom"]
[WhiteFideId "4119002"]
[BlackFideId "13305786"]
[WhiteElo "2709"]
[BlackElo "2034"]
[Result "0-1"]
[Round "08"]
[TimeControl "180+1"]
[Date "2022.02.22"]
[WhiteClock "0:00:28"]
[BlackClock "0:00:22"]

1. d4 d5 2. c4 e6 3. Nc3 Nf6 4. cxd5 exd5 5. Bg5 c6 6. e3 Be7 7. Bd3 Nbd7 8. Qc2 Nh5 9. Bxe7 Qxe7 10. O-O-O Nb6 11. Kb1 g6 12. Nf3 Ng7 13. e4 Be6 14. Rhe1 O-O-O 15. h3 Kb8 16. e5 h5 17. b3 Bf5 18. Bxf5 Nxf5 19. Ne2 Qb4 20. Nf4 Nc4 21. Ka1 Na3 22. Qd2 Qxd2 23. Rxd2 Rhg8 24. e6 fxe6 25. Rxe6 g5 26. Nxh5 g4 27. hxg4 Rxg4 28. g3 Nxd4 29. Ne5 Rxg3 30. Rxd4 Nc2+ 31. Kb2 Nxd4 32. Re7 Rg2 33. Rf7 Rg5 0-1


[Site "https://www.chess.com"]